 Dungeon Crawl Stone Soup version 0.28-a0-1520-gc3277d3759 (webtiles) character file.

Game seed: 8236337478814979928

24 kae the Skirmisher (level 3, 33/33 HPs)
             Began as a Hill Orc Fighter on Jan 17, 2022.
             Quit the game on level 1 of the Dungeon.
             The game lasted 00:00:19 (814 turns).

kae the Skirmisher (Hill Orc Fighter)                Turns: 814, Time: 00:00:20

Health: 33/33      AC:  6    Str: 18    XL:     3   Next: 2%
Magic:  3/3        EV:  9    Int: 10    God:
Gold:   33         SH:  4    Dex: 10    Spells: 2/2 levels left

rFire   . . .      SeeInvis .   a - +0 war axe
rCold   . . .      Faith    .   c - +0 buckler
rNeg    . . .      Spirit   .   b - +0 scale mail
rPois   .          Reflect  .   (no helmet)
rElec   .          Harm     .   (no cloak)
rCorr   .          Rampage  .   (no gloves)
Will    .....                   (no boots)
Stlth   ..........              (no amulet)
HPRegen 0.11/turn               (no ring)
MPRegen 0.08/turn               (no ring)

@: no status effects
A: no striking features
a: no special abilities


You were on level 1 of the Dungeon.
You visited 1 branch of the dungeon, and saw 1 of its levels.

You collected 33 gold pieces.

Inventory:

Hand Weapons
 a - a +0 war axe (weapon)
Armour
 b - a +0 scale mail (worn)
 c - a +0 buckler (worn)
Potions
 d - a potion of might
 e - a potion of mutation {unknown}
 f - 2 potions of lignification {unknown}
 g - a potion of haste {unknown}
 h - a potion of magic {unknown}


   Skills:
 + Level 3.9 Fighting
 * Level 3.5 Axes
 + Level 3.5 Armour
 + Level 3.5 Shields


You had 2 spell levels left.
You didn't know any spells.
Your spell library contained the following spells:

 Spells                   Type           Power      Damage    Failure   Level
 Portal Projectile        Hex/Tloc       0%         N/A       99%         3
 Blade Hands              Tmut           0%         N/A       100%        5
 Excruciating Wounds      Necr           0%         N/A       100%        5


Dungeon Overview and Level Annotations

Branches:
Dungeon (1/15)

Altars:

Shops:
D:1 (


Message History

The jackal is almost dead.
You hit the jackal but do no damage. The jackal barely misses you.
The jackal closely misses you. You block the jackal's attack.
There are monsters nearby!
You closely miss the jackal.
The jackal is severely wounded.
You hit the jackal but do no damage. The jackal bites you.
The jackal bites you but does no damage. x2
You block the jackal's attack.
You hit the jackal.
You kill the jackal!
You hit the jackal. The jackal bites you. x2
A jackal is nearby!
A jackal is nearby!
You closely miss the jackal.
The jackal is moderately wounded.
The jackal bites you but does no damage.
The jackal bites you.
You barely miss the jackal.
The jackal is moderately wounded.
The jackal bites you but does no damage. x2
A jackal is nearby!
You slash the jackal!
You kill the jackal!
You have reached level 3!
Your experience leads to an increase in your attributes!
Increase (S)trength, (I)ntelligence, or (D)exterity?
You feel clever. x2
Key pressed, stopping explore.
No target in view!
No target in view!
Key pressed, stopping explore.
No target in view!
No target in view!
h - a brown potion No target in view!
No target in view!
You now have 33 gold pieces (gained 2).
Done exploring.
Are you sure you want to abandon this character and quit the game? (Confirm with "yes".)

#############
##.....#.....##
##.............##
#...............#
#...............#
#@..............##
#.................
#...............##
#...............#
##.............###
##.....#.........
########........
###........
##.......###


There were no monsters in sight!

Vanquished Creatures
  A dart slug (D:1)
  3 ball pythons (D:1)
  An endoplasm (D:1)
  A giant cockroach (D:1)
  2 hobgoblins (D:1)
  5 jackals (D:1)
  2 kobolds (D:1)
  A quokka (D:1)
  2 frilled lizards (D:1)
18 creatures vanquished.

Notes
Turn   | Place    | Note
-------+----------+-------------------------------------------
     0 | D:1      | kae the Hill Orc Fighter began the quest for the Orb.
     0 | D:1      | Reached XP level 1. HP: 19/19 MP: 1/1
    77 | D:1      | Found Zearro Ocahi's Antique Weapon Emporium.
   104 | D:1      | Reached XP level 2. HP: 13/27 MP: 2/2
   610 | D:1      | Reached XP level 3. HP: 25/33 MP: 3/3
   814 | D:1      | Quit the game

Illustrated notes

Levels and vault maps discovered:
D:1:      psy_arrival_spokes, layout_rooms, serial_shops,
          nicolae_shop_overgrown_old_shop

Skill      XL: |  1 |
---------------+----+-----
Axes           | 3 |  3.5
Fighting       | |  3.9
Armour         | |  3.5
Shields        | |  3.5

Action                   || total
-------------------------++-------
Melee: War axe           ||    48
Armor: Scale mail        ||    23
Dodge: Dodged            ||    26
Block: Buckler           ||     6

Table legend: (Time is in decaauts)
 A = Elapsed time spent in this place.
 B = Non-inter-level travel time spent in this place.
 C = Inter-level travel time spent in this place.
 D = Time resting spent in this place.
 E = Time spent auto-exploring this place.
 F = Levels seen in this place.
 G = Mean time per level.
                   A        B        C        D        E       F      G
               +--------+--------+--------+--------+--------+-----+--------+
         Total |    832 |    832 |      0 |    206 |    503 |   1 |  832.0 |
       Dungeon |    832 |    832 |      0 |    206 |    503 |   1 |  832.0 |
               +--------+--------+--------+--------+--------+-----+--------+

Top non-repeatable levels by time:
     D:1: 832 daAuts
